Map: Terraços Prion

Players

TheZergLord - Winner!

  • Race: Zerg Zerg
  • League: Master

SKultra

  • Race: Protoss Protoss
  • League: Master

VOD

Have the link to the VOD?

Description

Time

  • Played on: April 26, 2016, 12:12 p.m.
  • Length: 10:51
Show
View Real Time Build Order
Export as new Build Order

TheZergLord Zerg - Winner!

Build Orders: Hatch First 

Get SALT Encoding   

  12  0:01  Drone  
  13  0:12  Overlord  
  13  0:17  Drone  
  14  0:31  Drone  
  14  0:32  Drone  
  14  0:35  Drone  
  17  0:52  Hatchery  
  17  0:55  Drone  
  17  0:59  Drone  
  18  1:10  Extractor  
  17  1:14  Spawning Pool  
  17  1:16  Drone  
  17  1:20  Drone  
  18  1:28  Drone  
  19  1:39  Overlord  
  19  1:51  Drone  
  20  2:01  Queen, Zergling x2  
  22  2:04  Queen  
  22  2:08  Drone  
  26  2:11  Metabolic Boost  
  26  2:14  Drone  
  27  2:17  Drone  
  28  2:24  Drone  
  28  2:27  Drone  
  30  2:41  Hatchery  
  30  2:44  Drone  
  30  2:47  Drone  
  30  2:48  Pneumatized Carapace  
  31  2:51  Queen  
  31  2:56  Overlord  
  33  3:01  Drone x2  
  33  3:02  Drone  
  36  3:16  Overlord  
  36  3:18  Drone x5  
  36  3:19  Drone  
  42  3:20  Zergling x2  
  42  3:23  Drone  
  44  3:40  Overlord  
  44  3:42  Drone x2  
  44  3:44  Spore Crawler  
  44  3:46  Drone, Spore Crawler  
  45  3:54  Queen, Spore Crawler  
  46  3:56  Drone x5  
  46  3:59  Baneling Nest  
  46  4:00  Drone x2  
  52  4:11  Zergling x8  
  52  4:14  Extractor  
  55  4:17  Zergling x4  
  55  4:18  Zergling x6  
  55  4:23  Queen x2  
  59  4:49  Drone x2  
  59  4:50  Overlord x2  
  60  4:56  Overlord x3  
  60  5:02  Lair  
  60  5:08  Queen  
  60  5:10  Hatchery  
  61  5:24  Drone x5  
  72  5:28  Drone x11  
  72  5:30  Extractor x2  
  72  5:34  Extractor  
  72  5:35  Extractor, Drone  
  74  5:37  Evolution Chamber, Overlord  
  73  5:44  Drone x4  
  77  6:00  Baneling x5  
  77  6:01  Baneling  
  77  6:04  Hydralisk Den  
  77  6:05  Drone  
  77  6:07  Zerg Missile Weapons Level 1, Centrifical Hooks  
  77  6:09  Overlord x3  
  76  6:32  Drone  
  77  6:35  Hydralisk x4, Muscular Augments  
  77  6:36  Hydralisk x7  
  99  6:42  Overseer  
  99  6:46  Drone x7  
  99  6:47  Drone  
  107  6:48  Spore Crawler  
  107  6:51  Hydralisk  
  108  6:55  Hydralisk  
  110  7:09  Overlord  
  110  7:10  Overlord x2  
  110  7:12  Hydralisk x8  
  126  7:27  Drone x2  
  126  7:28  Extractor x2  
  126  7:29  Drone x3  
  129  7:30  Drone x3  
  129  7:31  Hydralisk  
  129  7:32  Hydralisk x6  
  129  7:33  Zergling x2  
  147  7:40  Zergling x10  
  152  7:55  Baneling x3  
  152  7:57  Overlord x2  
  151  8:06  Baneling  
  151  8:07  Baneling x9  
  151  8:08  Zerg Missile Weapons Level 2  
  151  8:14  Hatchery  
  125  8:27  Hydralisk x11  
  125  8:28  Hydralisk  
  125  8:34  Hydralisk x3  
  147  8:35  Zergling x2  
  147  8:36  Zergling x18  
  163  8:52  Hydralisk x2  
  163  8:55  Overlord x5  
  167  8:59  Baneling  
  167  9:00  Baneling x12  
  167  9:01  Baneling  
  167  9:02  Baneling  
  167  9:03  Baneling  
  167  9:10  Baneling  
  167  9:11  Baneling x3  
  167  9:13  Hydralisk x2  
  167  9:14  Hydralisk  
  173  9:18  Hydralisk x2  
  173  9:22  Drone x4  
  173  9:23  Drone x3  
  173  9:24  Drone  
  185  9:28  Queen  
  187  9:35  Hydralisk x6  
  187  9:36  Extractor  
  198  9:40  Extractor  
Show
View Real Time Build Order
Export as new Build Order

SKultra Protoss 

Build Orders: Oracle Opening 

Get SALT Encoding   

  12  0:01  Probe (Chrono Boost)  
  13  0:11  Probe (Chrono Boost)  
  14  0:18  Pylon  
  14  0:22  Probe (Chrono Boost)  
  15  0:36  Probe (Chrono Boost)  
  15  0:37  Gateway  
  16  0:47  Probe (Chrono Boost), Assimilator  
  17  0:57  Probe (Chrono Boost)  
  18  1:08  Probe (Chrono Boost)  
  19  1:13  Assimilator  
  20  1:18  Probe (Chrono Boost)  
  20  1:24  Cybernetics Core  
  20  1:29  Probe (Chrono Boost)  
  21  1:39  Probe (Chrono Boost)  
  22  1:49  Nexus  
  22  1:54  Pylon  
  22  1:57  Probe (Chrono Boost)  
  23  2:01  Warp Gate (Chrono Boost)  
  23  2:13  Stalker  
  23  2:15  Mothership Core  
  27  2:35  Gateway  
  27  2:36  Probe  
  28  2:44  Stargate  
  28  2:48  Probe  
  29  2:52  Gateway  
  29  3:00  Probe  
  30  3:07  Probe  
  30  3:11  Probe  
  32  3:19  Probe  
  33  3:21  Probe  
  33  3:24  Assimilator  
  34  3:27  Oracle (Chrono Boost)  
  34  3:33  Pylon  
  37  3:38  Twilight Council, Probe  
  38  3:41  Probe  
  39  3:50  Probe  
  39  3:56  Probe  
  39  3:59  Void Ray (Chrono Boost)  
  39  4:00  Assimilator  
  39  4:02  Probe  
  45  4:04  Adept  
  45  4:08  Probe  
  45  4:09  Adept  
  49  4:14  Resonating Glaives  
  50  4:18  Adept  
  50  4:23  Probe  
  50  4:24  Pylon  
  53  4:26  Probe  
  54  4:43  Probe (Chrono Boost)  
  49  4:49  Adept x3  
  55  4:55  Probe (Chrono Boost)  
  55  4:56  Templar Archives  
  56  5:02  Probe (Chrono Boost)  
  57  5:11  Nexus  
  57  5:12  Probe (Chrono Boost)  
  58  5:19  Robotics Facility  
  58  5:28  Probe (Chrono Boost)  
  58  5:31  Forge  
  58  5:33  Pylon  
  59  5:36  Nexus  
  59  5:38  Probe (Chrono Boost)  
  59  5:39  Psionic Storm  
  60  5:45  Probe (Chrono Boost)  
  60  5:49  Pylon  
  61  5:52  Protoss Ground Weapons Level 1  
  61  5:54  Pylon  
  61  5:56  Probe (Chrono Boost), Gateway  
  62  6:07  Probe  
  62  6:09  High Templar x2  
  67  6:12  Immortal  
  67  6:14  Pylon  
  67  6:16  Probe  
  72  6:20  Probe  
  73  6:28  Phoenix  
  73  6:29  Probe  
  73  6:31  Assimilator  
  76  6:35  Probe, Assimilator  
  76  6:38  High Templar  
  79  6:41  Probe  
  79  6:44  Gateway  
  80  6:47  Probe, Pylon  
  81  6:58  Immortal  
  81  6:59  Adept x3  
  91  7:06  Probe x2  
  93  7:16  Probe  
  93  7:19  High Templar  
  93  7:20  High Templar  
  93  7:21  Probe  
  99  7:26  Probe x2  
  101  7:37  Gateway  
  101  7:38  Probe, Immortal (Chrono Boost)  
  101  7:39  Gateway  
  101  7:42  Pylon  
  106  7:46  Probe  
  107  7:52  Robotics Facility  
  107  7:55  High Templar, Pylon  
  109  8:00  Pylon  
  109  8:04  Gateway  
  109  8:08  Protoss Ground Weapons Level 2 (Chrono Boost), Pylon  
  109  8:10  Pylon  
  109  8:19  Adept x2  
  113  8:20  Adept x2  
  103  8:27  Immortal  
  103  8:31  High Templar  
  109  8:36  Probe  
  110  8:42  Immortal  
  110  8:45  Dark Shrine  
  114  8:51  Nexus, Gateway  
  114  8:54  Pylon, Gateway  
  114  8:55  Gateway  
  114  8:57  High Templar, Pylon  
  114  8:58  High Templar  
  114  9:00  Adept x2, Gateway  
  122  9:03  Pylon  
  122  9:05  Observer  
  123  9:16  Probe  
  124  9:18  Probe  
  124  9:21  Immortal  
  129  9:29  Immortal  
  129  9:37  Probe  
  134  9:47  Probe  
  134  9:49  Phoenix  
  134  9:52  Probe  
  137  9:53  Stargate, Probe  
  137  9:58  Pylon  
  139  10:01  Dark Templar  
  139  10:02  Dark Templar x3  
  147  10:08  Assimilator  
  147  10:11  Assimilator  
  147  10:13  Pylon  
  147  10:18  Stalker x2  
  126  10:35  Archon, Adept x3  
  104  10:36  Adept x6  
Tags
 
Add a new tag
Caveats
  • Supply blocks, unpowered buildings, or Contaminate may cause inaccurate times.
  • Supply counts are checked every 10 seconds.